 Dungeon Crawl Stone Soup version 0.21.1-1-g345015f (webtiles) character file.

208 lotte the Magician (level 5, -10/28 HPs)
             Began as a Deep Elf Ice Elementalist on July 5, 2018.
             Mangled by an ogre
             ... wielding a +0 giant club
              (27 damage)
             ... on level 4 of the Dungeon.
             The game lasted 00:22:41 (5680 turns).

lotte the Magician (Deep Elf Ice Elementalist)      Turns: 5680, Time: 00:22:41

Health: -10/28     AC:  2    Str:  5    XL:     5   Next: 55%
Magic:  1/15       EV: 13    Int: 21    God:
Gold:   211        SH:  0    Dex: 15    Spells: 7/15 levels left

rFire    . . .     SeeInvis .   u - staff of death
rCold    . . .     Gourm    .   (no shield)
rNeg     + . .     Faith    .   e - +0 robe (curse)
rPois    .         Spirit   .   (no helmet)
rElec    .         Reflect  .   (no cloak)
rCorr    .         Harm     .   (no gloves)
MR       +....                  (no boots)
Stlth    ++........             (no amulet)
HPRegen  0.09/turn              l - ring of protection from magic
MPRegen  0.14/turn              (no ring)

@: very slightly contaminated
A: no striking features
a: no special abilities


You were on level 4 of the Dungeon.
You were not hungry.

You visited 1 branch of the dungeon, and saw 4 of its levels.

You collected 211 gold pieces.

Inventory:

Hand Weapons
 g - a +0 blowgun
Missiles
 o - 4 curare-tipped needles
 q - 25 poisoned needles
Armour
 a - a +0 robe
 e - a cursed +0 robe (worn)
Magical Staves
 u - an uncursed staff of death (weapon)
Jewellery
 l - a ring of protection from magic (left hand)
Scrolls
 d - a scroll of amnesia
 f - 4 scrolls of identify
 h - 3 scrolls of teleportation
 i - 3 scrolls of enchant armour {unknown}
 j - a scroll of fog {unknown}
 k - a scroll of random uselessness {unknown}
 m - a scroll of blinking {unknown}
 n - 2 scrolls of remove curse {unknown}
 v - a scroll of fear {unknown}
Potions
 p - a potion of lignification
 r - a potion of invisibility {unknown}
 s - a potion of cancellation {unknown}
 t - 2 potions of heal wounds {unknown}
Books
 b - a book of Frost

   Spells                             Type                      Level
   a - Freeze                         Ice                          1
   b - Throw Frost                    Conjuration/Ice              2
   c - Ozocubu's Armour               Charms/Ice                   3
   d - Throw Icicle                   Conjuration/Ice              4
   e - Summon Ice Beast               Ice/Summoning                4
Comestibles
 c - 7 rations


   Skills:
 + Level 3.1 Dodging
 - Level 2.4 Stealth
 * Level 5.7 Spellcasting
 - Level 1.1 Conjurations
 * Level 5.2 Ice Magic


You had 7 spell levels left.
You knew the following spells:

 Your Spells              Type           Power        Failure   Level  Hunger
a - Freeze                Ice            ####         1%          1    None
b - Ozocubu's Armour      Chrm/Ice       ###.....     11%         3    ##.....
c - Throw Icicle          Conj/Ice       ###.....     26%         4    ####...


Dungeon Overview and Level Annotations

Branches:
Dungeon (4/15)
 Temple: D:4-7

Altars:
Dithmenos
Makhleb

Annotations:
D:4 exclusion: ogre


Message History

Aim: an ogre, wielding a giant club (severely wounded)
You miscast Throw Icicle.
You feel a strange surge of energy!
Casting: Throw Icicle
Confirm with . or Enter, or press ? or * to list all spells.
Aiming: Freeze
Press: ? - help, Shift-Dir - straight line, f/p - ogre
Aim: an ogre, wielding a giant club (severely wounded)
You freeze the ogre.
The ogre is severely wounded.
The ogre hits you with a giant club!
Casting: Freeze
Confirm with . or Enter, or press ? or * to list all spells.
Aiming: Freeze
Press: ? - help, Shift-Dir - straight line, f/p - ogre
Aim: an ogre, wielding a giant club (severely wounded)
You freeze the ogre.
The ogre is almost dead.
The ogre hits you with a giant club!!
Ouch! That really hurt!
You die...

.###.......## .........## #
.#####....## ........##...###
....###.### ....... ##..... ..###
#.## ....... ##.... ..# #..###
......# #..... #.##
##....######...... #..... #..#
#.................## ##.....
#..###..........O.###...###......
##..##..........@## #...........
.................# ##...###....
.........##......## ##..### ##...
...............#..###...# ##..
.......#......##...##..## #..
......###..............# #..
......# ##.............#### ##.
#.....# ##...............######.
......# #....#####.............


You could see an ogre.

Vanquished Creatures
  A hound (D:4)
  The ghost of dscm the Digger, a weakling OpEE (D:3)
  7 adders
  3 worms (D:2)
  3 dart slugs
  2 leopard geckos
  5 orcs (D:3)
  4 giant cockroaches
  6 goblins
  8 hobgoblins
  12 jackals
  8 kobolds
  2 quokkas
  A ball python skeleton (D:4)
  9 bats
  3 frilled lizards
  7 rats
82 creatures vanquished.

Notes
Turn   | Place    | Note
-------+----------+-------------------------------------------
     0 | D:1      | lotte the Deep Elf Ice Elementalist began the quest for the Orb.
     0 | D:1      | Reached XP level 1. HP: 10/10 MP: 6/6
   172 | D:1      | Reached XP level 2. HP: 15/15 MP: 5/8
  1157 | D:2      | Found a shadowy altar of Dithmenos.
  1391 | D:2      | Reached XP level 3. HP: 19/19 MP: 8/10
  1649 | D:2      | Learned a level 3 spell: Ozocubu's Armour
  2266 | D:2      | Reached XP level 4. HP: 12/24 MP: 0/12
  2826 | D:2      | Learned a level 4 spell: Throw Icicle
  2829 | D:2      | Found a burning altar of Makhleb.
  3331 | D:3      | Noticed dscm's ghost (weakling OpEE)
  3337 | D:3      | Killed dscm's ghost
  3337 | D:3      | Reached skill level 5 in Spellcasting
  3885 | D:3      | Reached XP level 5. HP: 28/28 MP: 8/14
  4213 | D:3      | Reached skill level 5 in Ice Magic
  4673 | D:4      | Noticed an ogre
  5680 | D:4      | Mangled by an ogre

Skill      XL: |  1  2  3  4  5 |
---------------+----------------+-----
Spellcasting   | 4 5 |  5.7
Ice Magic      | 4 5 |  5.2
Dodging        | 3 |  3.1
Stealth        | |  2.4
Conjurations   | |  1.1

Action                   |  1- 3 |  4- 6 || total
-------------------------+-------+-------++-------
Melee: Unarmed           |       |     7 ||     7
 Cast: Freeze            |    71 |    62 ||   133
       Ozocubu's Armour  |     2 |     9 ||    11
       Throw Icicle      |       |     3 ||     3
  Use: Scroll            |       |     3 ||     3
       Potion            |       |     3 ||     3
  Eat: Chunk             |     4 |     8 ||    12
       Ration            |       |     1 ||     1
Armor: Robe              |    11 |    12 ||    23
       Skin              |       |     1 ||     1
Dodge: Dodged            |    33 |    28 ||    61
